AoeStats
← ᅚᅚᅚᅚ

Socotra

504143674Analyzed
3v3 RM · 28d ago on Sep 4, 2026· 50m 42s· 6 players
Game mode
Random Map
Map size
128×128
Population
200
Speed
Normal
Resources
Standard
Victory
Conquest
Starting age
Dark Age
Ending age
Imperial Age
RankedLock teamsTeams togetherTeam positionsShared explorationLock speedFull tech treeHidden civsTurbo modeCheats
Victory
Defeat
🇲🇽 Cumans · Mexico
1305
+14
🇨🇱 Bengalis · Chile
1230
+17
🇨🇱 Sicilians · Chile
1201
+18
🇺🇸 Goths · United States
1263
-17
🇺🇸 Vikings · United States
1254
-16
🇺🇸 Britons · United States
1245
-16
Komibeorn
1:36 Loom
5:45 Loom
7:44 Loom
10:13 Feudal Age
10:57 Double-Bit Axe
13:37 Fletching
21:06 Castle Age
21:09 Light Cavalry
21:57 Scale Barding Armor
22:03 Forging
28:58 Horse Collar
31:35 Chain Barding Armor
32:24 Iron Casting
32:12 Devotion
33:46 Heavy Plow
35:16 Bodkin Arrow
44:06 Imperial Age
48:56 Squires
48:18 Man-at-Arms
49:33 Gambesons
50:16 Double-Bit Axe
Dr T
8:19 Loom
10:36 Feudal Age
12:00 Double-Bit Axe
24:08 Castle Age
22:40 Fletching
23:14 Horse Collar
23:31 Gold Mining
24:00 Padded Archer Armor
24:12 Crossbowman
24:49 Bodkin Arrow
25:10 Leather Archer Armor
28:46 Gold Shaft Mining
31:23 Ballistics
35:42 Wheelbarrow
38:27 Imperial Age
38:57 Hand Cart
38:27 Town Watch
39:13 Arbalester
40:32 Bracer
42:41 Conscription
44:09 Warwolf
47:23 Chemistry
Peanut
7:04 Loom
11:57 Feudal Age
12:28 Town Watch
13:59 Wheelbarrow
13:17 Double-Bit Axe
18:12 Fletching
24:48 Horse Collar
27:48 Castle Age
31:04 Castle Age
37:46 Imperial Age
37:53 Scale Mail Armor
(JP) JR
1:51 Loom
10:30 Feudal Age
22:49 Bloodlines
24:28 Scale Barding Armor
26:36 Horse Collar
28:02 Fletching
28:12 Padded Archer Armor
29:05 Padded Archer Armor
31:32 Castle Age
31:18 Town Watch
31:35 Elite Skirmisher
35:07 Wheelbarrow
35:00 Thumb Ring
35:49 Bodkin Arrow
36:09 Leather Archer Armor
36:55 Ballistics
38:08 Heavy Plow
38:24 Leather Archer Armor
38:41 Forging
38:32 Scale Mail Armor
38:27 Man-at-Arms
40:21 Hand Cart
39:32 Long Swordsman
40:12 Squires
40:36 Arson
46:49 Imperial Age
44:03 Capped Ram
47:12 Light Cavalry
49:03 Gold Mining
48:40 Hussar
49:15 Two-Handed Swordsman
50:59 Chain Barding Armor
50:42 Cavalier
Pelantaro
5:29 Loom
16:33 Feudal Age
20:05 Fletching
20:28 Town Watch
24:57 Castle Age
25:17 Double-Bit Axe
26:33 Bodkin Arrow
30:59 Forging
34:36 Horse Collar
40:44 Scale Barding Armor
41:41 Iron Casting
44:14 Chain Barding Armor
48:04 Wheelbarrow
48:29 Bloodlines
ᅚᅚᅚᅚ
7:17 Loom
10:50 Feudal Age
12:07 Feudal Age
17:11 Castle Age
15:57 Double-Bit Axe
16:05 Gold Mining
17:19 Horse Collar
20:18 Sanctity
22:06 Fervor
22:07 Redemption
26:07 Squires
26:35 Town Watch
27:27 Wheelbarrow
27:38 Pikeman
31:10 Fletching
36:25 Imperial Age
40:52 Block Printing
41:11 Siege Engineers
41:09 Onager
43:27 Illumination
43:37 Theocracy
45:37 Halberdier
47:49 Conscription
Connection lost

Rejoining the realm…

Still unreachable

The connection could not be restored.

Session expired

The server has moved on; the page needs a fresh start.